 Dungeon Crawl Stone Soup version 0.28-a0-872-g80cf8599ee (webtiles) character file.

Game seed: 6028944799769203748

81982 frimble the Slicer (level 15, -22/152 HPs)
             Began as a Troll Warper on Nov 21, 2021.
             Was a High Priest of Cheibriados.
             Blown up by a great orb of eyes (32 damage)
             ... with a mindburst bolt
             ... on level 3 of the Abyss.
             The game lasted 00:33:20 (20318 turns).

frimble the Slicer (Troll Warper)                  Turns: 20318, Time: 00:33:21

Health: -22/152    AC: 12    Str: 39    XL:     15   Next: 28%
Magic:  13/22      EV: 18    Int: 28    God:    Cheibriados [*****.]
Gold:   2015       SH: 14    Dex: 23    Spells: 10/16 levels left

rFire   . . .      SeeInvis .   b - +1 short sword (venom)
rCold   + . .      Faith    .   i - +2 kite shield {rPois}
rNeg    . . .      Spirit   .   y - +0 steam dragon scales
rPois   +          Reflect  .   (helmet restricted)
rElec   .          Harm     .   q - +0 cloak
rCorr   .          Rampage  .   (gloves unavailable)
Will    +....                   (boots unavailable)
Stlth   ++........              r - amulet of regeneration
HPRegen 2.35/turn               m - +4 ring of protection
MPRegen 0.18/turn               H - ring of Inyohap {rC+ EV+4 Str+2}

@: very slow
A: large, unfitting armour, claws 3, regeneration 1, shaggy fur 1, tough skin 1
a: Renounce Religion, Bend Time, Temporal Distortion, Slouch, Step From Time


You were on level 3 of the Abyss.
You worshipped Cheibriados.
Cheibriados was extremely pleased with you.
You visited 2 branches of the dungeon, and saw 21 of its levels.
You visited the Abyss 1 time.

You collected 2015 gold pieces.

Inventory:

Hand Weapons
 a - a +0 scimitar of flaming
 b - a +1 short sword of venom (weapon)
 e - a +0 dagger of electrocution
Missiles
 d - 6 boomerangs of dispersal
 v - 16 large rocks
 B - 7 boomerangs (quivered)
 G - a throwing net
Armour
 i - a +2 kite shield of poison resistance (worn)
 q - a +0 cloak (worn)
 y - +0 steam dragon scales (worn)
 Q - a scarf of resistance
Jewellery
 k - a ring of poison resistance
 m - a +4 ring of protection (left claw)
 r - an amulet of regeneration (around neck)
 H - the ring of Inyohap (right claw) {rC+ EV+4 Str+2}
   (You found it on level 13 of the Dungeon)

   [ring of evasion]

   EV:        It affects your evasion (+4).
   Str:       It affects your strength (+2).
   rC:        It protects you from cold.
 I - a ring of protection from cold
Wands
 t - a wand of acid (4)
 D - a wand of charming (5)
 E - a wand of mindburst (10)
 J - a wand of polymorph (27)
Scrolls
 c - 2 scrolls of blinking
 s - 3 scrolls of magic mapping
 w - a scroll of enchant weapon
 x - 2 scrolls of identify
 A - a scroll of fog
 C - a scroll of holy word
 F - a scroll of teleportation
 M - a scroll of fear
 O - a scroll of torment
 P - 3 scrolls of amnesia
Potions
 f - 2 potions of ambrosia
 g - a potion of brilliance
 h - a potion of mutation
 j - 2 potions of lignification
 l - 3 potions of flight
 n - 5 potions of might {unknown}
 o - a potion of cancellation
 p - 7 potions of haste {unknown}
 u - 8 potions of curing
 z - 2 potions of magic
 K - a potion of attraction
 N - a potion of resistance


   Skills:
 + Level 10.6 Fighting
 - Level 12.0 Short Blades
 - Level 2.1 Throwing
 - Level 7.0 Dodging
 - Level 8.0 Shields
 - Level 1.2 Spellcasting
 - Level 5.0 Translocations
 + Level 11.7 Invocations
 - Level 7.0 Evocations


You had 10 spell levels left.
You knew the following spells:

 Your Spells              Type           Power      Damage    Failure   Level
a - Blink                 Tloc           60%        N/A       2%          2
b - Passage of Golubria   Tloc           30%        N/A       14%         4

Your spell library contained the following spells:

 Spells                   Type           Power      Damage    Failure   Level
 Gell's Gravitas          Tloc           30%        N/A       4%          3
 Lesser Beckoning         Tloc           30%        N/A       4%          3
 Teleport Other           Tloc           30%        N/A       4%          3
 Foxfire                  Conj/Fire      4%         2x1d4     12%         1
 Slow                     Hex            4%         N/A       12%         1
 Scorch                   Fire           2%         2d5       19%         2
 Sublimation of Blood     Necr           1%         N/A       19%         2
 Confusing Touch          Hex            1%         N/A       34%         3
 Conjure Flame            Conj/Fire      1%         6-21      34%         3
 Inner Flame              Hex/Fire       1%         N/A       34%         3
 Ozocubu's Armour         Ice            1%         N/A       34%         3
 Tukima's Dance           Hex            1%         N/A       34%         3
 Vampiric Draining        Necr           1%         2d6       34%         3
 Iskenderun's Mystic Bla  Conj/Tloc      15%        2d5       38%         4
 Manifold Assault         Tloc           30%        N/A       38%         5
 Cause Fear               Hex            0%         N/A       75%         4
 Flame Wave               Conj/Fire      1%         3d3       75%         4
 Fulminant Prism          Conj/Hex       0%         3d6       75%         4
 Petrify                  Tmut/Erth      1%         N/A       75%         4
 Dispersal                Tloc           15%        N/A       92%         6
 Freezing Cloud           Conj/Ice/Air   0%         6-21      97%         5
 Irradiate                Conj/Tmut      0%         3d13      97%         5
 Lee's Rapid Deconstruct  Erth           0%         3d5*      97%         5
 Metabolic Englaciation   Hex/Ice        0%         N/A       97%         5
 Silence                  Hex/Air        0%         N/A       97%         5
 Yara's Violent Unravell  Hex/Tmut       0%         3d3       97%         5
 Simulacrum               Ice/Necr       0%         N/A       100%        6
 Summon Cactus Giant      Summ           0%         N/A       100%        6
 Discord                  Hex            0%         N/A       100%        8
 Lehudib's Crystal Spear  Conj/Erth      0%         10d2      100%        8
 Polar Vortex             Ice            0%         N/A       100%        9


Dungeon Overview and Level Annotations

Branches:
Dungeon (15/15)            Temple (0/1) D:4            Lair (6/6) D:9
 Shoals (0/4) Lair:3       Spider (0/4) Lair:2        Slime (0/5) Lair:6
    Orc (0/2) D:11
 Vaults: D:13-14     Depths: D:15

Altars:
Cheibriados
Kikubaaqudgha
Nemelex Xobeh
Qazlal
Sif Muna
Uskayaw
Vehumet
Wu Jian
Xom
The Shining One

Shops:
D:8 =   D:9 [   D:11 (   D:12 ?   D:14 (=!

Annotations:
D:12 exclusion: manticore, Jorgrun
D:15 Louise


Innate Abilities, Weirdness & Mutations

You are too large for most types of armour.
You have claws for hands.
Your natural rate of healing is unusually fast.
You are covered in fur. (AC +1)
You have tough skin. (AC +1)


Message History

You can feel time thicken for a moment.
You destroy the wretched star!
Cheibriados thoroughly appreciates the change of pace.
Cheibriados lowers the support of your attributes as your movement quickens.
The great orb of eyes gazes at you. You resist with significant effort.
You hit the great orb of eyes but do no damage.
The great orb of eyes is heavily wounded.
The great orb of eyes gazes at you. You resist with significant effort.
You hit the great orb of eyes.
The great orb of eyes is heavily wounded.
You hit the great orb of eyes but do no damage.
The great orb of eyes is poisoned.
The great orb of eyes is heavily wounded.
The great orb of eyes gazes at you.
Your mind is blasted!
* * * LOW HITPOINT WARNING * * *
You puncture the great orb of eyes!
The great orb of eyes is severely wounded.
You hit the great orb of eyes but do no damage.
The great orb of eyes is severely wounded.
You block the great orb of eyes's attack.
You hit the great orb of eyes.
The great orb of eyes is almost dead.
You puncture the great orb of eyes!
The great orb of eyes is almost dead.
The great orb of eyes gazes at you. You resist with significant effort.
You hit the great orb of eyes but do no damage.
The great orb of eyes looks as sick as possible!
The great orb of eyes is almost dead.
You hit the great orb of eyes but do no damage.
The great orb of eyes is almost dead.
You block the great orb of eyes's attack.
You barely miss the great orb of eyes.
The great orb of eyes is almost dead.
The great orb of eyes gazes at you.
Your mind is blasted!
You die...

. ...# #.
..# .? ..##
.#... # .#⌠.
#. ..# # .
#####G#.X. #
#....@#.
##..
##...#.# ..
##...#.#.#.#
#.
.##..#..#.
#..#...# ##
## #.. .#...
.. ### .#
.#.#...#. #
.. #...
###.#. .# .
. # .#. #. .
.


You could see a great orb of eyes (extremely poisoned).

Vanquished Creatures
  A sphinx (Abyss:3)
  10 starcursed masses (Abyss:3)
  A fire dragon (Lair:6)
  2 boulder beetles
  12 hydras
  2 centaur warriors
  Erica (Lair:2)
  4 two-headed ogres
  9 death yaks
  3 thrashing horrors (Abyss:3)
  2 wretched stars (Abyss:3)
  Nergalle (Lair:4)
  A glowing orange brain (Abyss:3)
  Pikel (D:6)
  2 lindwurms (Lair:6)
  3 deep elf pyromancers (D:14)
  6 cyclopes
  2 manticores (D:14)
  8 elephants
  10 black mambas
  6 torpor snails (Lair:6)
  The ghost of Encipher the Chopper, a novice FoWr of Uskayaw (D:6)
  Maggie (D:7)
  17 cane toads
  An unseen horror (D:10)
  10 komodo dragons
  An ancient zyme (Abyss:3)
  2 polar bears (Lair:6)
  A burning bush (Lair:5)
  10 hornets
  A troll (D:9)
  A large abomination (Abyss:3)
  Prince Ribbit (D:7)
  Grinder (D:3)
  3 tyrant leeches (Lair:6)
  7 dream sheep (Lair:4)
  25 blink frogs
  A slime creature (Lair:6)
  A snapping turtle (Lair:3)
  A ynoxinul (Abyss:3)
  A spriggan (Lair:1)
  2 shadows
  2 wraiths
  Eustachio (D:6)
  2 vampires
  79 yaks
  6 basilisks
  6 wyverns
  An acid dragon (D:13)
  16 water moccasins
  A black bear (D:6)
  5 orc warriors
  2 ice beasts
  A small abomination (Abyss:3)
  3 ogres
  3 centaurs
  48 wolves
  4 kobold brigands
  16 bullfrogs
  A gnoll sergeant (D:10)
  A scorpion (D:6)
  A wyvern zombie (D:5)
  2 water moccasin skeletons (D:5)
  3 wights (D:6)
  2 electric eels (D:9)
  A howler monkey (D:9)
  3 bullfrog zombies
  5 centaur zombies
  4 jellies
  2 orc priests
  6 hounds
  A gnoll shaman (D:8)
  A bullfrog skeleton (D:7)
  Crazy Yiuf (D:6)
  Jessica (D:2)
  A centaur skeleton (D:5)
  2 iguanas
  11 orc wizards
  13 hell rats
  3 killer bee zombies
  A hound skeleton (D:4)
  2 howler monkey zombies
  13 gnolls
  10 adders
  2 ufetubi
  2 worms (D:4)
  A dart slug (D:3)
  16 orcs
  5 endoplasms
  2 giant cockroaches
  7 goblins
  9 hobgoblins
  8 jackals
  23 kobolds
  7 quokkas
  5 ball pythons
  4 bats
  A frilled lizard (D:3)
  5 rats
  A spectral hobgoblin (D:2)
561 creatures vanquished.

Vanquished Creatures (others)
  A human (D:10)
  54 fungi
  63 plants
  4 toadstools (D:5)
122 creatures vanquished.

Grand Total: 683 creatures vanquished

Notes
Turn   | Place    | Note
-------+----------+-------------------------------------------
     0 | D:1      | frimble the Troll Warper began the quest for the Orb.
     0 | D:1      | Reached XP level 1. HP: 19/19 MP: 1/1
    89 | D:1      | Reached skill level 2 in Short Blades
   127 | D:1      | Reached XP level 2. HP: 27/27 MP: 2/2
   515 | D:1      | Reached XP level 3. HP: 33/33 MP: 3/3
   563 | D:2      | Found a faded altar of an unknown god.
   584 | D:2      | Noticed Jessica
   594 | D:2      | Killed Jessica
   595 | D:2      | Reached skill level 3 in Short Blades
   873 | D:2      | Reached XP level 4. HP: 31/41 MP: 4/4
  1405 | D:3      | Found a shimmering altar of Xom.
  1551 | D:3      | You fall into a shaft and drop 1 floor!
  1551 | D:4      | Found a staircase to the Ecumenical Temple.
  1924 | D:3      | Reached skill level 4 in Short Blades
  2069 | D:3      | Noticed Grinder
  2071 | D:3      | Paralysed by Grinder for 3 turns
  2104 | D:3      | Killed Grinder
  2105 | D:3      | Reached XP level 5. HP: 38/53 MP: 5/5
  2105 | D:3      | Reached XP level 6. HP: 44/61 MP: 6/6
  2342 | D:4      | Noticed Blork the orc
  2362 | D:4      | Reached skill level 5 in Short Blades
  2362 | D:4      | Noticed Blork
  2362 | D:4      | Blork the orc changed into Blork the quokka
  2371 | D:4      | Killed Blork the quokka
  2486 | D:4      | Found a glowing golden altar of the Shining One.
  2843 | D:5      | Entered Level 5 of the Dungeon
  2845 | D:5      | Identified a scroll of acquirement
  2845 | D:5      | Acquired a +2 kite shield of poison resistance
  2869 | D:5      | Reached skill level 1 in Shields
  2869 | D:5      | Reached XP level 7. HP: 51/68 MP: 7/7
  3010 | D:5      | Noticed a wraith
  3033 | D:5      | Killed a wraith
  3289 | D:5      | Reached skill level 6 in Short Blades
  3305 | D:5      | Reached XP level 8. HP: 73/78 MP: 8/8
  3471 | D:5      | Learned a level 2 spell: Blink
  3933 | D:6      | Noticed Encipher's ghost (novice FoWr)
  3937 | D:6      | Found a runed translucent door.
  3938 | D:6      | Noticed Pikel
  3960 | D:6      | Killed Pikel
  3961 | D:6      | Reached skill level 7 in Short Blades
  3961 | D:6      | Reached skill level 5 in Shields
  4133 | D:6      | Reached XP level 9. HP: 73/83 MP: 9/9
  4351 | D:6      | Noticed Eustachio
  4364 | D:6      | Killed Eustachio
  4598 | D:6      | Found a runed translucent door.
  4599 | D:6      | Noticed Crazy Yiuf
  4822 | D:6      | Killed Crazy Yiuf
  5009 | D:7      | Reached skill level 8 in Short Blades
  5257 | D:7      | Noticed Prince Ribbit
  5268 | D:7      | Killed Prince Ribbit
  5367 | D:7      | Found an ornate altar of the Wu Jian Council.
  5375 | D:7      | Noticed Maggie
  5418 | D:7      | Killed Maggie
  5598 | D:8      | Found a radiant altar of Vehumet.
  5741 | D:8      | Found Huiss's Jewellery Boutique.
  6389 | D:7      | Reached skill level 9 in Short Blades
  6459 | D:7      | Reached XP level 10. HP: 59/92 MP: 10/10
  6781 | D:6      | Killed Encipher's ghost
  6902 | D:8      | Reached skill level 5 in Fighting
  6994 | D:9      | Found Alus's Antique Armour Boutique.
  7030 | D:9      | Found a staircase to the Lair.
  7139 | D:9      | Found a stormy altar of Qazlal.
  7195 | D:9      | Noticed a cyclops
  7210 | D:9      | Killed a cyclops
  7413 | D:10     | Entered Level 10 of the Dungeon
  7413 | D:10     | Noticed a two-headed ogre
  7413 | D:10     | Found a sparkling altar of Nemelex Xobeh.
  7451 | D:10     | Killed a two-headed ogre
  7637 | D:10     | Reached skill level 1 in Throwing
  7957 | D:10     | Reached XP level 11. HP: 95/107 MP: 11/11
  8018 | D:10     | Reached skill level 1 in Evocations
  8197 | D:10     | Found a snail-covered altar of Cheibriados.
  8220 | D:10     | Became a worshipper of Cheibriados the Contemplative
  8238 | D:10     | Found an ancient bone altar of Kikubaaqudgha.
  8651 | D:9      | Reached * piety under Cheibriados
  8735 | D:9      | Reached skill level 10 in Short Blades
  8858 | D:9      | Found a hide-covered altar of Uskayaw.
  8974 | Lair:1   | Entered Level 1 of the Lair of Beasts
  9272 | Lair:1   | Reached ** piety under Cheibriados
  9359 | Lair:1   | Found the +8 whip "Snakebite" {venom, curare, rPois}
  9541 | Lair:1   | Noticed a spriggan rider
  9733 | Lair:1   | Reached *** piety under Cheibriados
  9973 | Lair:1   | Reached **** piety under Cheibriados
 10108 | Lair:1   | Reached XP level 12. HP: 103/115 MP: 12/12
 10122 | Lair:1   | Reached skill level 11 in Short Blades
 10639 | Lair:2   | Reached skill level 5 in Translocations
 10726 | Lair:2   | Reached skill level 1 in Invocations
 10761 | Lair:2   | Reached skill level 5 in Evocations
 11126 | Lair:2   | Noticed Erica
 11149 | Lair:2   | Killed Erica
 11163 | Lair:2   | Reached ***** piety under Cheibriados
 11332 | Lair:2   | Found a hole to the Spider Nest.
 11395 | Lair:2   | Noticed an eight-headed hydra
 11413 | Lair:2   | Killed a two-headed hydra
 11763 | Lair:2   | Learned a level 4 spell: Passage of Golubria
 12084 | Lair:3   | Reached skill level 12 in Short Blades
 12106 | Lair:3   | Noticed a six-headed hydra
 12151 | Lair:3   | Killed a one-headed hydra
 12275 | Lair:3   | Reached skill level 5 in Invocations
 12275 | Lair:3   | Reached XP level 13. HP: 83/123 MP: 15/15
 12658 | Lair:3   | Reached ****** piety under Cheibriados
 12738 | Lair:3   | Found a staircase to the Shoals.
 13037 | Lair:4   | Noticed Nergalle
 13060 | Lair:4   | Killed Nergalle
 13443 | Lair:4   | Reached skill level 5 in Dodging
 14550 | Lair:5   | Reached XP level 14. HP: 107/133 MP: 19/19
 15345 | Lair:6   | Entered Level 6 of the Lair of Beasts
 16084 | Lair:6   | Found a staircase to the Slime Pits.
 16596 | Lair:6   | Found a runed translucent door.
 16648 | Lair:6   | Reached skill level 10 in Invocations
 17483 | D:11     | Identified the +5 falchion "Qalugrel" {vorpal, Dex+3}
 17656 | D:11     | Found Xoifig's Antique Weapon Boutique.
 17768 | D:11     | Found a staircase to the Orcish Mines.
 17785 | D:11     | Identified the +2 robe of the Pleiades {rElec rF+ rC+
                  | Will-}
 18249 | D:12     | Found Fyzafack's Magic Scroll Shoppe.
 18250 | D:12     | Noticed Jorgrun
 18580 | D:13     | Identified the ring of Inyohap {rC+ EV+4 Str+2}
 18748 | D:13     | Reached XP level 15. HP: 87/149 MP: 22/22
 19431 | D:14     | Found Dysat's Distillery.
 19465 | D:14     | Reached skill level 10 in Fighting
 19673 | D:14     | Found a shimmering blue altar of Sif Muna.
 19782 | D:14     | Found Giwumol's Jewellery Shop.
 19804 | D:14     | Found Zowoa's Weapon Emporium.
 19846 | D:15     | Entered Level 15 of the Dungeon
 19850 | D:15     | Noticed Louise
 19890 | D:15     | Cast into level 3 of the Abyss (Louise)
 20045 | Abyss:3  | Paralysed by accursed screaming for 2 turns
 20049 | Abyss:3  | Paralysed by accursed screaming for 2 turns
 20283 | Abyss:3  | Noticed a sphinx
 20299 | Abyss:3  | Killed a sphinx
 20311 | Abyss:3  | HP: 1/152 [disintegration (27)]
 20318 | Abyss:3  | Blown up by a great orb of eyes

Illustrated notes

Levels and vault maps discovered:
D:1:      minmay_arrival_plants_in_alcoves, layout_basic
D:2:      layout_basic, dreamdust_ecumenical_altar_drowned_temple, uniq_jessica
D:3:      layout_basic, lemuel_round_altar, uniq_grinder
D:4:      layout_cave_pods, lemuel_crystal_altar,
          minmay_temple_entry_large_hall, serial_park_tiny_pond, minivault_23,
          uniq_blork_the_orc
D:5:      layout_basic, minmay_gold_behind_fungi, chequers_serial_rivers_large_b
D:6:      layout_loops_corners, hellmonk_ghost_happy_afterlife, uniq_eustachio,
          uniq_pikel, uniq_crazy_yiuf_cottage
D:7:      layout_basic, mainiacjoe_overflow_alcove_1, uniq_prince_ribbit1,
          uniq_maggie
D:8:      layout_loops_cross, overflow_temple_1_default, serial_shops, shop
D:9:      layout_cave_pods, nicolae_uskayaw_dance_studio,
          mainiacjoe_overflow_small_starburst, erik_lair_island, serial_shops,
          nicolae_shop_crystal
D:10:     layout_stronghold, tgw_kikubaaqudgha,
          nemelex_xobeh_ov_fountains_minmay, amcnicky_altar_gilded,
          kennysheep_generic_room_8
D:11:     layout_cave_pools, david_orc_3, serial_shops, shop, minivault_25_ag,
          amcnicky_mini_rare_corridor_liquid
D:12:     layout_irregular_city, serial_shops, nicolae_lakefront_shop,
          xom_redecorated, uniq_jorgrun
D:13:     layout_loops_ring, patterned_corridor
D:14:     layout_gridville, grunt_vaults_entry_fortified, kennysheep_crisscross,
          serial_shops, shop_statue, nicolae_shop_stone,
          nicolae_shop_statue_plus, kennysheep_orc_sif_temple
D:15:     hangedman_slaughterboxes, uniq_louise
Lair:1:   minmay_guarded_unrand_snakebite, layout_cave_pods, st_stairs_13,
          grunt_forest_large_clearings, grunt_megastairs_2, lemuel_fruit_tree
Lair:2:   layout_cave_pods, dummy_spider_entry, chequers_serial_rivers_small_3,
          chequers_serial_rivers_room_b, uniq_erica
Lair:3:   layout_loops_ring, minmay_shoals_entry_hut
Lair:4:   layout_cave_pods, uniq_nergalle
Lair:5:   layout_loops_ring, minivault_23, evilmike_ambush
          [evilmike_ambush_outer_basic, evilmike_ambush_inner_pond],
          serial_bayou_shore_b, infiniplex_staircase_pool_2
Lair:6:   wormcave, layout_cave_pods, minmay_slime_entry_pillars,
          minmay_stone_trees_small, nicolae_quartered_pool_little, st_stairs_5,
          minivault_19, grunt_forest_small_clearing_treed, serial_bayou_shore_b,
          infiniplex_staircase_pool
Abyss:3:  base: D:12, hangedman_abyss_lost_library

Skill      XL: |  1  2  3  4  5  6  7  8  9 10 11 12 13 14 15 |
---------------+----------------------------------------------+-----
Short Blades   | 2 3 4 5 6 7 9 10 12 | 12.0
Fighting       | 3 6 7 9 10 | 10.6
Shields        | 1 3 5 7 8 |  8.0
Throwing       | 1 2 |  2.1
Evocations     | 4 6 7 |  7.0
Translocations | 4 5 |  5.0
Invocations    | 5 8 11 | 11.7
Dodging        | 2 6 7 |  7.0
Spellcasting   | |  1.2

Action                   |  1- 3 |  4- 6 |  7- 9 | 10-12 | 13-15 || total
-------------------------+-------+-------+-------+-------+-------++-------
Melee: Short sword       |    84 |   134 |   459 |  1392 |  1896 ||  3965
       Scimitar          |       |       |       |    27 |    79 ||   106
Throw: Large rock        |       |       |       |     3 |       ||     3
       Boomerang         |       |       |       |    16 |     3 ||    19
 Cast: Blink             |       |       |       |     4 |    22 ||    26
Invok: Slouch            |       |       |       |       |     7 ||     7
       Step From Time    |       |       |       |       |     1 ||     1
Evoke: Wand              |       |     1 |       |     4 |     4 ||     9
  Use: Scroll            |       |     6 |     6 |     6 |    14 ||    32
       Potion            |       |     1 |     2 |     2 |     2 ||     7
 Stab: Sleeping          |       |     1 |     1 |       |     2 ||     4
       Distracted        |       |       |       |       |     1 ||     1
Armor: Robe              |    32 |    48 |   158 |     8 |       ||   246
       Steam dragon scal |       |       |       |   383 |   415 ||   798
Dodge: Dodged            |    45 |    70 |   177 |   398 |   685 ||  1375
Block: Kite shield       |       |       |    22 |   736 |  1123 ||  1881

Table legend: (Time is in decaauts)
 A = Elapsed time spent in this place.
 B = Non-inter-level travel time spent in this place.
 C = Inter-level travel time spent in this place.
 D = Time resting spent in this place.
 E = Time spent auto-exploring this place.
 F = Levels seen in this place.
 G = Mean time per level.
                   A        B        C        D        E       F      G
               +--------+--------+--------+--------+--------+-----+--------+
         Total |  25571 |  23720 |   1851 |     11 |  17966 |  22 | 1162.3 |
       Dungeon |  13178 |  11978 |   1200 |      0 |   9397 |  15 |  878.5 |
          Lair |  11919 |  11269 |    650 |     11 |   8459 |   6 | 1986.5 |
         Abyss |    473 |    473 |      0 |      0 |    109 |   1 |  473.0 |
               +--------+--------+--------+--------+--------+-----+--------+

Top non-repeatable levels by time:
  Lair:6: 2585 daAuts
  Lair:1: 2106 daAuts
  Lair:4: 2098 daAuts
  Lair:3: 1724 daAuts
  Lair:5: 1718 daAuts
  Lair:2: 1686 daAuts
    D:13: 1622 daAuts
     D:9: 1270 daAuts
    D:10: 1202 daAuts
     D:6: 1147 daAuts
    D:11: 1103 daAuts
     D:5: 1021 daAuts
     D:7: 897 daAuts
     D:8: 872 daAuts
     D:4: 831 daAuts
